 Dungeon Crawl Stone Soup version 0.22-a0-612-gd2f0174 (webtiles) character file.

1257 digijack the Skirmisher (level 8, -2/71 HPs)
             Began as a Hill Orc Abyssal Knight on July 11, 2018.
             Was a Priest of Lugonu.
             Killed from afar by an electric eel (6 damage)
             ... with a bolt of electricity
             ... on level 7 of the Dungeon.
             The game lasted 00:27:07 (4879 turns).

digijack the Skirmisher (Hill Orc Abyssal Knight)   Turns: 4879, Time: 00:27:07

Health: -2/71      AC: 13    Str: 19    XL:     8   Next: 51%
Magic:  11/12      EV:  8    Int: 15    God:    Lugonu [***...]
Gold:   406        SH:  0    Dex: 10    Spells: 7/7 levels left

rFire    . . .     SeeInvis .   a - +3 hand axe
rCold    . . .     Gourm    .   (no shield)
rNeg     . . .     Faith    .   l - +1 chain mail
rPois    .         Spirit   .   r - +0 hat
rElec    .         Reflect  .   (no cloak)
rCorr    .         Harm     .   k - +0 pair of gloves
MR       +....     Clarity  +   (no boots)
Stlth    ..........             (no amulet)
HPRegen  0.21/turn              g - ring of protection from magic
MPRegen  0.13/turn              p - +3 ring of intelligence

@: no status effects
A: clarity, shaggy fur 1, strong 1, evolution 1
a: Depart the Abyss, Bend Space, Banish, Renounce Religion


You were on level 7 of the Dungeon.
You worshipped Lugonu.
Lugonu was most pleased with you.
You were not hungry.

You visited 1 branch of the dungeon, and saw 7 of its levels.
You visited the Abyss 1 time.

You collected 406 gold pieces.

Inventory:

Hand Weapons
 a - a +3 hand axe (weapon)
Missiles
 f - 128 stones (quivered)
Armour
 k - a +0 pair of gloves (worn)
 l - a +1 chain mail (worn)
 r - a +0 hat (worn)
Jewellery
 g - a ring of protection from magic (left hand)
 p - a +3 ring of intelligence (right hand)
Wands
 q - a wand of flame (38)
Scrolls
 b - 3 scrolls of magic mapping
 d - 4 scrolls of identify
 e - a scroll of blinking
 h - 4 scrolls of teleportation
 j - 2 scrolls of fog
Potions
 i - 4 potions of curing
 m - a potion of brilliance
 o - a potion of heal wounds
Comestibles
 c - 11 rations
 n - 2 chunks of flesh


   Skills:
 + Level 6.7 Fighting
 + Level 6.6 Axes
 * Level 6.6 Armour
 - Level 0.7 Dodging
 + Level 6.6 Invocations


You had 7 spell levels left.
You didn't know any spells.
Your spell library was empty.

Dungeon Overview and Level Annotations

Branches:
Dungeon (7/15)             Temple (0/1) D:5

Altars:

Annotations:
D:4 1 runed door, digijack's ghost, novice GnWn
D:7 1 transporter, 1 runed door


Innate Abilities, Weirdness & Mutations

You possess an exceptional clarity of mind.
You are covered in fur. (AC +1)
Your muscles are strong. (Str +2)
You evolve.


Message History

The electric eel shoots out a bolt of lightning at you!
The bolt of electricity hits you! The bolt of electricity misses you.
The bolt of electricity hits the plant.
Evoke which item? (* to show all) (? for menu, Esc to quit)
Aiming: Throw Flame
Press: ? - help, Shift-Dir - straight line, f/p - electric eel
Aim: an electric eel (steam, moderately wounded)
The puff of flame hits the electric eel.
The electric eel is severely wounded.
The electric eel shoots out a bolt of lightning at you!
The bolt of electricity hits you!
* * * LOW HITPOINT WARNING * * *
The bolt of electricity hits you!
* * * LOW HITPOINT WARNING * * *
The bolt of electricity hits the plant.
The electric eel is engulfed in a cloud of scalding steam.
Space bends sharply around you!
You blink.
The electric eel shoots out a bolt of lightning at you!
The bolt of electricity hits you!
You die...

#.# ... ..# .... #.# #.# #.#
### ##### #####.#####.#####.#
.....
#.................######
.....#.###############.......
#..#.#8P#≈≈≈≈≈≈;#P8#.#.####
#....#..#.......#..#...#
#...©#©?+...♣..(§.©#©..#
#.#..#.(#.@?....#..#..##
+.##.#8P#≈≈≈≈≈≈;#P8#.## #
..###############.#
..........!.......#
#.###.########.##### #. #.#
#.# #. #.# #.#


You could see 2 electric eels.

Vanquished Creatures
  2 phantoms (D:6)
  2 ogres
  A centaur (D:5)
  A water moccasin skeleton (D:6)
  2 howler monkeys (D:4)
  A crimson imp (D:6)
  A quasit (D:5)
  3 hounds
  A jelly (D:6)
  Jessica (D:2)
  3 iguanas
  2 orc wizards (D:6)
  3 worker ants
  2 hound skeletons
  10 adders
  2 oozes
  An adder skeleton (D:4)
  3 worms (D:2)
  4 dart slugs
  2 leopard geckos
  14 orcs
  2 giant cockroaches
  7 goblins
  7 hobgoblins
  2 jackals (D:2)
  8 kobolds
  A quokka (D:4)
  5 bats
  5 frilled lizards
  A jackal skeleton (D:4)
  A leopard gecko zombie (D:5)
  A quokka skeleton (D:4)
  A quokka zombie (D:7)
  10 rats
112 creatures vanquished.

Vanquished Creatures (others)
  An orc warrior (D:6)
1 creature vanquished.

Grand Total: 113 creatures vanquished

Notes
Turn   | Place    | Note
-------+----------+-------------------------------------------
     0 | Abyss:1  | digijack the Hill Orc Abyssal Knight began the quest for the Orb.
     0 | Abyss:1  | Reached XP level 1. HP: 19/19 MP: 2/2
    15 | D:1      | Escaped the Abyss
    69 | D:1      | Reached XP level 2. HP: 27/27 MP: 4/4
   283 | D:1      | Gained mutation: You are clumsy. (Dex -2) [potion of mutation]
   283 | D:1      | Gained mutation: You are resistant to hostile enchantments. (MR+) [potion of mutation]
   283 | D:1      | Gained mutation: You are covered in fur. (AC +1) [potion of mutation]
   332 | D:1      | Reached XP level 3. HP: 31/33 MP: 5/5
   425 | D:2      | Reached ** piety under Lugonu
   967 | D:2      | Reached XP level 4. HP: 33/40 MP: 6/6
  1043 | D:2      | Noticed Jessica
  1066 | D:2      | Killed Jessica
  1275 | D:2      | Reached XP level 5. HP: 45/47 MP: 7/7
  1669 | D:3      | Found a faded altar of an unknown god.
  2314 | D:4      | Reached skill level 5 in Fighting
  2314 | D:4      | Reached XP level 6. HP: 52/56 MP: 9/9
  2527 | D:4      | Reached *** piety under Lugonu
  2705 | D:4      | Reached skill level 5 in Axes
  2907 | D:4      | Noticed digijack's ghost (novice GnWn)
  2909 | D:4      | Found a runed door.
  2955 | D:4      | Reached skill level 5 in Invocations
  2969 | D:5      | Entered Level 5 of the Dungeon
  2997 | D:5      | Reached XP level 7. HP: 35/61 MP: 10/10
  3403 | D:5      | Reached skill level 5 in Armour
  3503 | D:5      | Found a staircase to the Ecumenical Temple.
  3989 | D:5      | Lost mutation: You are resistant to hostile enchantments. (MR+) [potion of mutation]
  3989 | D:5      | Lost mutation: You are clumsy. (Dex -2) [potion of mutation]
  3989 | D:5      | Gained mutation: You possess an exceptional clarity of mind. [potion of mutation]
  3989 | D:5      | Gained mutation: You evolve. [potion of mutation]
  3989 | D:5      | Gained mutation: Your muscles are strong. (Str +2) [potion of mutation]
  4188 | D:6      | Reached XP level 8. HP: 54/70 MP: 12/12
  4811 | D:7      | Found a transporter.
  4828 | D:7      | Found a transporter.
  4834 | D:7      | Found a runed door.
  4879 | D:7      | Killed from afar by an electric eel

Vault maps used:
D:1:      minmay_arrival_semitransparent
D:2:      uniq_jessica
D:3:      chequers_ecumenical_altar_simple_redux
D:4:      first_ration, ebering_ghost_inner_flame
D:5:      minmay_temple_entry_trees, kennysheep_opposing_triangles
D:6:      moated_statue
D:7:      gammafunk_steamed_eel, serial_shops, nicolae_shop_overgrown_old_shop,
          the_bakery, grunt_decor_arrowhead, chequers_guarded_unrand_ignorance
Abyss:1:  hangedman_cross_veins

Skill      XL: |  1  2  3  4  5  6  7  8 |
---------------+-------------------------+-----
Axes           | 3 4 5 6 |  6.6
Fighting       | 4 5 6 |  6.7
Invocations    | 3 4 5 6 |  6.6
Armour         | 3 4 5 6 |  6.6
Dodging        | |  0.7

Action                   |  1- 3 |  4- 6 |  7- 9 || total
-------------------------+-------+-------+-------++-------
Melee: Hand axe          |   102 |   227 |   194 ||   523
Invok: Bend Space        |       |       |     1 ||     1
       Banish            |       |       |     1 ||     1
Evoke: Wand              |       |       |     2 ||     2
  Use: Scroll            |     6 |     5 |     2 ||    13
       Potion            |     3 |     3 |     1 ||     7
  Eat: Chunk             |       |     7 |     7 ||    14
Armor: Leather armour    |    19 |       |       ||    19
       Ring mail         |    12 |    68 |       ||    80
       Chain mail        |       |    32 |   109 ||   141
Dodge: Dodged            |    45 |   127 |    59 ||   231

Table legend:
 A = Spawn XP
 B = Non-spawn XP
 C = Spawn XP percentage of total XP
 D = Spawn monster count
 E = Non-spawn monster count
 F = Spawn count percentage of total count
 G = Total turns spent on level
                    A         B        C        D         E        F      G
               +---------+---------+-------+---------+---------+-------+---------
         Total |       0 |    1796 |   0.0 |       0 |     113 |   0.0 |  4879
               +---------+---------+-------+---------+---------+-------+---------
           D:1 |       0 |      34 |   0.0 |       0 |      20 |   0.0 |   387
           D:2 |       0 |     141 |   0.0 |       0 |      26 |   0.0 |  1194
           D:3 |       0 |      41 |   0.0 |       0 |      14 |   0.0 |   707
           D:4 |       0 |     345 |   0.0 |       0 |      23 |   0.0 |   666
           D:5 |       0 |     390 |   0.0 |       0 |      13 |   0.0 |  1049
           D:6 |       0 |     686 |   0.0 |       0 |      14 |   0.0 |   717
           D:7 |       0 |     159 |   0.0 |       0 |       3 |   0.0 |   144
               +---------+---------+-------+---------+---------+-------+---------
